[Event "WYCC U18 Girls 2019"]
[Site "Mumbai"]
[Date "2019.10.06"]
[Round "6.13"]
[White "Aciu, Malina-Andreea"]
[Black "Zeliantsova, Kseniya"]
[Result "1-0"]
[ECO "B07"]
[WhiteElo "2076"]
[BlackElo "1994"]
[Annotator "NA"]
[PlyCount "53"]
[EventDate "2019.10.02"]
[EventType "swiss"]
[EventCountry "IND"]
[SourceTitle "playchess.com"]
[Source "ChessBase"]
[SourceQuality "1"]
[TimeControl "40/5400+30:1800+30"]

1. e4 d6 2. d4 Nf6 3. Nc3 g6 4. Be3 Bg7 5. Qd2 O-O 6. f3 c6 7. g4 b5 8. h4 Qa5 9. h5 e5 10. dxe5 dxe5 11. Bh6 Rd8 12. Bd3 Nbd7 13. Bxg7 Kxg7 14. hxg6 fxg6 $16 15. Nh3 Nf8 16. O-O c5 17. Qh2 c4 18. Be2 Qb6+ 19. Kh1 N8d7 20. g5 Nh5 21. Nd5 Qc5 22. f4 Nxf4 23. Nhxf4 exf4 24. Rxf4 Bb7 25. Qh6+ Kg8 26. Rh4 Nf8 27. Rf1 1-0

[Event "WYCC U18 Girls 2019"]
[Site "Mumbai"]
[Date "2019.10.06"]
[Round "6.14"]
[White "Nomindalai Tumurbaatar"]
[Black "Laurincova, Kristyna"]
[Result "1-0"]
[ECO "A40"]
[WhiteElo "2061"]
[BlackElo "2006"]
[Annotator "NA"]
[PlyCount "83"]
[EventDate "2019.10.02"]
[EventType "swiss"]
[EventCountry "IND"]
[SourceTitle "playchess.com"]
[Source "ChessBase"]
[SourceQuality "1"]
[TimeControl "40/5400+30:1800+30"]

1. d4 e6 2. Bf4 c5 (2... Nf6 3. e3 d5 4. c4 Bd6 5. Bxd6 cxd6 6. Nc3 dxc4 7. Bxc4 O-O 8. Nf3 a6 9. O-O b5 10. Bd3 Bb7 11. Qe2 Nbd7 12. a4 {1-0 (44) Karjakin,S (2783)-Meier,G (2630) chess.com INT 2017}) 3. e3 Qb6 4. Na3 cxd4 5. Nb5 Qa5+ 6. Qd2 {A40: Unusual replies to 1 d4} Qxd2+ 7. Kxd2 dxe3+ 8. Bxe3 Na6 9. Bxa7 $146 ({Predecessor:} 9. Nxa7 Bc5 10. Bxc5 Nxc5 {0-1 (52) Terbe,J (2263)-Kanakova,N (2134) Tarvisio 2017}) 9... Nf6 10. f3 Be7 11. Ne2 Nd5 12. Bf2 Bg5+ 13. Kd1 Ne3+ 14. Bxe3 Bxe3 15. c3 d5 16. Ned4 O-O 17. Bd3 Nc5 18. Bc2 Bd7 19. Re1 Bf4 20. g3 Bb8 21. Na3 e5 22. Nf5 Re8 $17 23. Ne3 Bc6 24. Kd2 Bc7 25. Nd1 d4 26. Be4 Red8 27. Kc2 Ba4+ 28. b3 d3+ 29. Kb2 Bc6 30. Bxc6 d2 31. Re2 Nd3+ 32. Kb1 Rxa3 33. Bxb7 Nc1 34. Rg2 f5 35. Bc6 Ra5 36. Kc2 Nxa2 37. Ba4 Nc1 38. Rxd2 Nxb3 39. Rxd8+ Bxd8 40. Bxb3+ Kf8 41. Rxa5 Bxa5 42. Kd3 1-0

[Event "WYCC U18 Girls 2019"]
[Site "Mumbai"]
[Date "2019.10.07"]
[Round "7.1"]
[White "Shuvalova, Polina"]
[Black "Afonasieva, Anna"]
[Result "1-0"]
[ECO "B92"]
[WhiteElo "2412"]
[BlackElo "2312"]
[Annotator "ChessBase"]
[PlyCount "71"]
[EventDate "2019.10.02"]
[EventType "swiss"]
[EventCountry "IND"]
[SourceTitle "playchess.com"]
[Source "ChessBase"]
[SourceQuality "1"]
[TimeControl "40/5400+30:1800+30"]

1. e4 c5 2. Nf3 d6 3. d4 cxd4 4. Nxd4 Nf6 5. Nc3 a6 6. Be2 e5 7. Nb3 Be7 8. O-O O-O 9. Kh1 Be6 10. f4 Qc7 11. f5 Bd7 12. g4 Bc6 13. Bf3 h6 14. h4 Nh7 15. g5 hxg5 16. Rg1 gxh4 17. Bh6 Bf6 18. Qd2 Kh8 19. Be3 b5 20. Rg4 b4 21. Nd5 Bxd5 22. Qxd5 Nc6 23. Rag1 Ne7 24. Qd2 d5 25. Qh2 Qd7 26. Nc5 Qc8 27. Bf2 dxe4 28. Bxh4 Ng8 29. Bxe4 Qxc5 30. Bf2 Qe7 31. Rxg7 Bxg7 32. Qxh7+ Kxh7 33. f6+ Kh6 34. Be3+ Kh5 35. Bf3+ Kh4 36. Bf2+ 1-0

[Event "WYCC U18 Girls 2019"]
[Site "Mumbai"]
[Date "2019.10.07"]
[Round "7.2"]
[White "Schulze, Lara"]
[Black "Sliwicka, Alicja"]
[Result "1-0"]
[ECO "B56"]
[WhiteElo "2327"]
[BlackElo "2307"]
[Annotator "ChessBase"]
[PlyCount "111"]
[EventDate "2019.10.02"]
[EventType "swiss"]
[EventCountry "IND"]
[SourceTitle "playchess.com"]
[Source "ChessBase"]
[SourceQuality "1"]
[TimeControl "40/5400+30:1800+30"]

1. e4 c5 2. Nf3 d6 3. d4 cxd4 4. Nxd4 Nf6 5. Nc3 Bd7 6. Bg5 e6 7. Ndb5 Bc6 8. Bxf6 gxf6 9. Qh5 a6 10. Nd4 Qb6 11. O-O-O Qc5 12. Qh3 Nd7 13. f4 b5 14. f5 e5 15. Nxc6 Qxc6 16. Nd5 Rc8 17. Bd3 h5 18. Kb1 Bg7 19. Rhe1 Nb6 20. Nb4 Qb7 21. Bf1 Ke7 22. Qa3 Rhd8 23. Qxa6 Qxa6 24. Nxa6 d5 25. exd5 Nxd5 26. Bxb5 Ne3 27. Rxd8 Rxd8 28. Bd3 Nxg2 29. Rg1 Nf4 30. Rxg7 e4 31. Nb4 Rd6 32. Rg3 Kd8 33. a4 exd3 34. Nxd3 Ne2 35. Rg8+ Kc7 36. Rh8 Rd5 37. Rxh5 Nd4 38. b4 Nxf5 39. Kb2 Kd6 40. c4 Rxd3 41. Rxf5 Rd2+ 42. Kc3 Rxh2 43. Rxf6+ Ke5 44. Rxf7 Rh3+ 45. Kc2 Rh2+ 46. Kd3 Rh3+ 47. Ke2 Rb3 48. b5 Ra3 49. a5 Rxa5 50. Rd7 Ra3 51. Kd2 Rb3 52. Kc2 Rb4 53. Kc3 Rb1 54. Rd2 Ke6 55. Rb2 Rd1 56. Re2+ {[%emt 0:00:00] Kd5} 1-0

[Event "WYCC U18 Girls 2019"]
[Site "Mumbai"]
[Date "2019.10.07"]
[Round "7.3"]
[White "Cervantes Landeiro, Thalia"]
[Black "Vantika Agrawal"]
[Result "0-1"]
[ECO "A41"]
[WhiteElo "2176"]
[BlackElo "2283"]
[Annotator "ChessBase"]
[PlyCount "128"]
[EventDate "2019.10.02"]
[EventType "swiss"]
[EventCountry "IND"]
[SourceTitle "playchess.com"]
[Source "ChessBase"]
[SourceQuality "1"]
[TimeControl "40/5400+30:1800+30"]

1. d4 d6 2. c4 e5 3. d5 a5 4. Nc3 Na6 5. e4 Nc5 6. Be3 g6 7. Nge2 Bh6 8. f4 Nf6 9. g3 Nfxe4 10. Nxe4 Nxe4 11. Bg2 Nf6 12. O-O O-O 13. Bd2 exf4 14. Nxf4 Bg7 15. Bc3 Bd7 16. Qd2 a4 17. Rae1 Re8 18. Rxe8+ Nxe8 19. Ne2 Bxc3 20. Nxc3 f5 21. Ne2 Ng7 22. Qc3 Qe7 23. Nd4 Re8 24. Ne6 Bxe6 25. dxe6 c6 26. Re1 Nxe6 27. Qb4 Qd7 28. Qxa4 Nc5 29. Qd1 Qf7 30. b4 Rxe1+ 31. Qxe1 Nd3 32. Qc3 Ne5 33. b5 Qxc4 34. Qxc4+ Nxc4 35. bxc6 bxc6 36. Bxc6 Kg7 37. Bd5 Na3 38. Kf2 Kf6 39. Ke3 Ke5 40. Bb3 g5 41. Bg8 h6 42. h4 g4 43. Bf7 d5 44. Kd3 Nc4 45. Bh5 Nb6 46. Be8 f4 47. gxf4+ Kxf4 48. Bc6 g3 49. Ke2 Kg4 50. Kf1 Nc4 51. Kg1 d4 52. Bd5 Na3 53. Kg2 d3 54. h5 d2 55. Bf3+ Kf4 56. Be2 Ke3 57. Bd1 Kf4 58. Be2 Nc4 59. a4 Ne3+ 60. Kg1 d1=Q+ 61. Bxd1 Nxd1 62. a5 Nc3 63. a6 Nb5 64. Kg2 Kg4 0-1

[Event "WYCC U18 Girls 2019"]
[Site "Mumbai"]
[Date "2019.10.07"]
[Round "7.4"]
[White "Hamedi Nia, Vesal"]
[Black "Munkhzul, Turmunkh"]
[Result "1/2-1/2"]
[ECO "D10"]
[WhiteElo "2057"]
[BlackElo "2332"]
[Annotator "ChessBase"]
[PlyCount "76"]
[EventDate "2019.10.02"]
[EventType "swiss"]
[EventCountry "IND"]
[SourceTitle "playchess.com"]
[Source "ChessBase"]
[SourceQuality "1"]
[TimeControl "40/5400+30:1800+30"]

1. d4 d5 2. c4 c6 3. cxd5 cxd5 4. Nc3 Nf6 5. Bf4 Nc6 6. e3 Bf5 7. Qb3 Na5 8. Qa4+ Bd7 9. Qc2 e6 10. Bd3 Nc6 11. Qe2 Be7 12. Nf3 O-O 13. O-O Nh5 14. Be5 f5 15. Ne1 Nxe5 16. dxe5 g6 17. Nf3 Qb6 18. Bb5 Bc6 19. Nd4 Ng7 20. Rfc1 Bxb5 21. Qxb5 Rfc8 22. Na4 Qxb5 23. Nxb5 Ne8 24. b3 Rxc1+ 25. Rxc1 Kf7 26. Kf1 Bb4 27. a3 Be7 28. b4 a5 29. Nc5 axb4 30. axb4 Rc8 31. Na7 Rc7 32. Nb5 Rc6 33. Na7 Rc7 34. Nb5 Rc8 35. Na7 Ra8 36. Nb5 Rc8 37. Na7 Ra8 38. Nb5 Rc8 1/2-1/2

[Event "WYCC U18 Girls 2019"]
[Site "Mumbai"]
[Date "2019.10.07"]
[Round "7.5"]
[White "Obolentseva, Alexandra"]
[Black "Nomindalai Tumurbaatar"]
[Result "1-0"]
[ECO "A41"]
[WhiteElo "2282"]
[BlackElo "2061"]
[Annotator "ChessBase"]
[PlyCount "65"]
[EventDate "2019.10.02"]
[EventType "swiss"]
[EventCountry "IND"]
[SourceTitle "playchess.com"]
[Source "ChessBase"]
[SourceQuality "1"]
[TimeControl "40/5400+30:1800+30"]

1. d4 d6 2. Nf3 Bg4 3. g3 Bxf3 4. exf3 d5 5. c3 e6 6. Qb3 Qc8 7. Bh3 Nf6 8. O-O c5 9. dxc5 Bxc5 10. Be3 Bxe3 11. fxe3 O-O 12. Nd2 Qc5 13. Rfe1 Nc6 14. Bf1 Rfd8 15. Qb5 Qe7 16. Rad1 a6 17. Qe2 b5 18. Nb3 Qa7 19. Kh1 Ne5 20. g4 g5 21. Nd4 Rac8 22. f4 gxf4 23. exf4 Nexg4 24. h3 Nh6 25. Qe5 Ne4 26. Rxe4 dxe4 27. Qg5+ Kh8 28. Qf6+ Kg8 29. Be2 Qb6 30. Qxh6 Kh8 31. Qf6+ Kg8 32. Qh6 Kh8 33. Rg1 1-0

[Event "WYCC U18 Girls 2019"]
[Site "Mumbai"]
[Date "2019.10.07"]
[Round "7.6"]
[White "Yan, Tianqi"]
[Black "Radeva, Viktoria"]
[Result "1-0"]
[ECO "C07"]
[WhiteElo "2236"]
[BlackElo "2277"]
[Annotator "ChessBase"]
[PlyCount "107"]
[EventDate "2019.10.02"]
[EventType "swiss"]
[EventCountry "IND"]
[SourceTitle "playchess.com"]
[Source "ChessBase"]
[SourceQuality "1"]
[TimeControl "40/5400+30:1800+30"]

1. e4 e6 2. d4 d5 3. Nd2 c5 4. Ngf3 cxd4 5. exd5 Qxd5 6. Bc4 Qd6 7. O-O Nf6 8. Nb3 Nc6 9. Nbxd4 Nxd4 10. Nxd4 Be7 11. c3 O-O 12. Qf3 Qb6 13. Be3 Qc7 14. Bb3 Bd7 15. Rfe1 Bd6 16. h3 e5 17. Nc2 Bc6 18. Qe2 Nd5 19. Rad1 Nf4 20. Bxf4 exf4 21. Nd4 Rae8 22. Qd3 Rxe1+ 23. Rxe1 Bd7 24. Nf3 Bc6 25. Ng5 g6 26. Ne6 fxe6 27. Rxe6 Kh8 28. Qxd6 Qxd6 29. Rxd6 Re8 30. Kf1 Bb5+ 31. c4 Bc6 32. Bd1 Kg7 33. Bf3 Bxf3 34. Rd7+ Kh6 35. gxf3 Rb8 36. h4 g5 37. hxg5+ Kxg5 38. Rxh7 a5 39. Rd7 b6 40. Rd5+ Kf6 41. Rb5 Ke6 42. c5 Kd5 43. cxb6+ Kc4 44. a4 Rb7 45. b3+ Kc3 46. Rxa5 Rxb6 47. Rb5 Re6 48. a5 Kd2 49. Rb6 Re1+ 50. Kg2 Ra1 51. a6 Kc3 52. b4 Kc4 53. b5 Kc5 54. Rb7 1-0

[Event "WYCC U18 Girls 2019"]
[Site "Mumbai"]
[Date "2019.10.07"]
[Round "7.7"]
[White "Muetsch, Annmarie"]
[Black "Makhija, Aashna"]
[Result "1/2-1/2"]
[ECO "C03"]
[WhiteElo "2266"]
[BlackElo "2084"]
[Annotator "ChessBase"]
[PlyCount "69"]
[EventDate "2019.10.02"]
[EventType "swiss"]
[EventCountry "IND"]
[SourceTitle "playchess.com"]
[Source "ChessBase"]
[SourceQuality "1"]
[TimeControl "40/5400+30:1800+30"]

1. e4 e6 2. d4 d5 3. Nd2 Be7 4. Bd3 c5 5. dxc5 Nf6 6. Qe2 O-O 7. Ngf3 a5 8. O-O Na6 9. e5 Nd7 10. c4 Naxc5 11. Bc2 b6 12. Rd1 Ba6 13. b3 Qc7 14. Bb2 Rfd8 15. Rac1 Nf8 16. h4 Rac8 17. Qe3 dxc4 18. Nxc4 Bxc4 19. bxc4 Rxd1+ 20. Rxd1 Rd8 21. Rc1 Na6 22. h5 h6 23. Bb1 Rd7 24. Qe2 Qd8 25. Kh2 Nc5 26. Rc3 Na4 27. Rb3 Nxb2 28. Rxb2 Bc5 29. Bc2 Ba3 30. Rb1 Qc7 31. g3 Bb4 32. Kg2 Rd8 33. Rh1 Be7 34. Rb1 Bb4 35. Rh1 1/2-1/2

[Event "WYCC U18 Girls 2019"]
[Site "Mumbai"]
[Date "2019.10.07"]
[Round "7.8"]
[White "Serikbay, Assel"]
[Black "Aciu, Malina-Andreea"]
[Result "1-0"]
[ECO "D25"]
[WhiteElo "2208"]
[BlackElo "2076"]
[Annotator "ChessBase"]
[PlyCount "61"]
[EventDate "2019.10.02"]
[EventType "swiss"]
[EventCountry "IND"]
[SourceTitle "playchess.com"]
[Source "ChessBase"]
[SourceQuality "1"]
[TimeControl "40/5400+30:1800+30"]

1. d4 d5 2. Nf3 Nf6 3. c4 dxc4 4. e3 Bg4 5. Bxc4 e6 6. O-O Nc6 7. Nc3 Bd6 8. h3 Bh5 9. Be2 O-O 10. a3 Qe7 11. b4 a6 12. Bb2 Rad8 13. Qb3 e5 14. dxe5 Nxe5 15. Nd4 Bg6 16. Nb1 c5 17. bxc5 Bxc5 18. Nd2 Ne4 19. Rad1 Ba7 20. Nxe4 Bxe4 21. f3 Bg6 22. f4 Nd3 23. Rxd3 Bxd3 24. Qxd3 Rfe8 25. Rf3 Bxd4 26. Bxd4 Rc8 27. Rg3 Rc1+ 28. Kh2 f6 29. Qf5 Rc6 30. Bf3 Qe6 31. Bd5 1-0

[Event "WYCC U18 Girls 2019"]
[Site "Mumbai"]
[Date "2019.10.07"]
[Round "7.9"]
[White "Kucharska, Honorata"]
[Black "Toshali, V."]
[Result "1/2-1/2"]
[ECO "B13"]
[WhiteElo "2114"]
[BlackElo "1868"]
[Annotator "ChessBase"]
[PlyCount "118"]
[EventDate "2019.10.02"]
[EventType "swiss"]
[EventCountry "IND"]
[SourceTitle "playchess.com"]
[Source "ChessBase"]
[SourceQuality "1"]
[TimeControl "40/5400+30:1800+30"]

1. e4 c6 2. d4 d5 3. exd5 cxd5 4. Bd3 Nc6 5. c3 Qc7 6. Ne2 Bg4 7. O-O e6 8. Qe1 Bd6 9. f3 Bh5 10. Qh4 Bg6 11. Bxg6 fxg6 12. Nf4 Kf7 13. Nd3 Nf6 14. f4 Rhf8 15. Be3 Kg8 16. Nd2 Ne7 17. Qh3 Nf5 18. Rae1 b5 19. g4 Nxe3 20. Rxe3 Rae8 21. Qg2 a5 22. Ne5 b4 23. cxb4 Bxb4 24. Nb1 Qa7 25. Rd3 Ne4 26. Qe2 Rc8 27. Rdd1 Bd6 28. Qd3 g5 29. Nd2 Nxd2 30. Rxd2 gxf4 31. Nf3 e5 32. Qb5 Bb4 33. Rd3 exd4 34. Qxd5+ Qf7 35. Qxf7+ Rxf7 36. a3 Bc5 37. Rc1 Rfc7 38. Kg2 Bb6 39. Rcd1 Rc2+ 40. R1d2 Rxd2+ 41. Rxd2 Rd8 42. Ne5 a4 43. h4 Ba5 44. Rd3 Rb8 45. Nc4 Bd8 46. h5 g5 47. hxg6 hxg6 48. Kf3 Bf6 49. Kxf4 Kf7 50. Ke4 Re8+ 51. Kd5 Re2 52. Nd6+ Ke7 53. Ne4 Rxb2 54. Nxf6 Kxf6 55. Rxd4 Rb5+ 56. Kc6 Ra5 57. Kb6 Ra8 58. Kb7 Ra5 59. Kb6 Ke5 1/2-1/2

[Event "WYCC U18 Girls 2019"]
[Site "Mumbai"]
[Date "2019.10.07"]
[Round "7.10"]
[White "Harshini A"]
[Black "Azali, Tannaz"]
[Result "1-0"]
[ECO "B85"]
[WhiteElo "2230"]
[BlackElo "2022"]
[Annotator "ChessBase"]
[PlyCount "65"]
[EventDate "2019.10.02"]
[EventType "swiss"]
[EventCountry "IND"]
[SourceTitle "playchess.com"]
[Source "ChessBase"]
[SourceQuality "1"]
[TimeControl "40/5400+30:1800+30"]

1. e4 c5 2. Nf3 e6 3. d4 cxd4 4. Nxd4 Nc6 5. Nc3 Qc7 6. Be2 a6 7. O-O Nf6 8. Kh1 Be7 9. f4 d6 10. a4 O-O 11. Be3 Nxd4 12. Qxd4 Bd7 13. e5 Ne8 14. Bd3 Bc6 15. Bg1 Rd8 16. Qe3 g6 17. Qg3 Ng7 18. a5 Nh5 19. Qg4 dxe5 20. Bb6 Qb8 21. Bxd8 Bxd8 22. fxe5 Qxe5 23. Qe2 Qg5 24. Ne4 Qh6 25. Kg1 Bc7 26. g3 f5 27. Nd6 g5 28. Qe5 Rd8 29. Nxf5 exf5 30. Qxc7 Rd7 31. Qb8+ Kg7 32. Rxf5 Nf6 33. Raf1 1-0

[Event "WYCC U18 Girls 2019"]
[Site "Mumbai"]
[Date "2019.10.07"]
[Round "7.11"]
[White "Khachatryan, Anna"]
[Black "Nilssen, Ellen Fredericia"]
[Result "1-0"]
[ECO "A30"]
[WhiteElo "2044"]
[BlackElo "2137"]
[Annotator "ChessBase"]
[PlyCount "97"]
[EventDate "2019.10.02"]
[EventType "swiss"]
[EventCountry "IND"]
[SourceTitle "playchess.com"]
[Source "ChessBase"]
[SourceQuality "1"]
[TimeControl "40/5400+30:1800+30"]

1. c4 c5 2. Nf3 Nc6 3. g3 g6 4. Bg2 Bg7 5. O-O e6 6. Nc3 Nge7 7. d3 O-O 8. Be3 d6 9. Qc1 Rb8 10. Bh6 a6 11. Bxg7 Kxg7 12. h4 Nf5 13. Ng5 Bd7 14. e3 Ne5 15. Qc2 Bc6 16. Nce4 Qe7 17. Rad1 Rbc8 18. Nf3 Nxf3+ 19. Bxf3 Nh6 20. Bg2 Ng4 21. b3 f5 22. Qb2+ Kg8 23. Ng5 e5 24. Qe2 Nf6 25. Rfe1 Nh5 26. Bf3 h6 27. Nh3 Ng7 28. Bxc6 bxc6 29. d4 cxd4 30. exd4 Rfe8 31. dxe5 dxe5 32. Nf4 Qf6 33. Nd3 e4 34. Qb2 Qf7 35. Nc5 Rcd8 36. Nxa6 Qa7 37. Nb4 Rxd1 38. Rxd1 e3 39. Nxc6 Qc7 40. Nb4 e2 41. Re1 Qa5 42. Nd3 Qd8 43. Qc2 f4 44. Nxf4 g5 45. Nd5 gxh4 46. Rxe2 Rxe2 47. Qxe2 hxg3 48. fxg3 Qg5 49. Qe3 1-0

[Event "WYCC U18 Girls 2019"]
[Site "Mumbai"]
[Date "2019.10.07"]
[Round "7.12"]
[White "Pandey Srishti"]
[Black "Tarini Goyal"]
[Result "1/2-1/2"]
[ECO "B18"]
[WhiteElo "1963"]
[BlackElo "2128"]
[Annotator "ChessBase"]
[PlyCount "60"]
[EventDate "2019.10.02"]
[EventType "swiss"]
[EventCountry "IND"]
[SourceTitle "playchess.com"]
[Source "ChessBase"]
[SourceQuality "1"]
[TimeControl "40/5400+30:1800+30"]

1. e4 c6 2. d4 d5 3. Nd2 dxe4 4. Nxe4 Bf5 5. Ng3 Bg6 6. h4 h6 7. Nh3 Nf6 8. Nf4 Bh7 9. Bc4 e6 10. O-O Bd6 11. Re1 O-O 12. c3 a5 13. a4 Re8 14. Ngh5 Nbd7 15. g3 Nxh5 16. Nxh5 Nf6 17. Bf4 Bxf4 18. Nxf4 Qb6 19. Qb3 Qxb3 20. Bxb3 g5 21. hxg5 hxg5 22. Nh3 g4 23. Nf4 Kg7 24. Re3 Bf5 25. Rae1 Rh8 26. Ng2 Nh7 27. Nh4 Ng5 28. Kg2 Rh5 29. Bd1 Rah8 30. b3 Kf6 1/2-1/2

[Event "WYCC U18 Girls 2019"]
[Site "Mumbai"]
[Date "2019.10.07"]
[Round "7.12"]
[White "Pandey Srishti"]
[Black "Tarini Goyal"]
[Result "*"]
[ECO "B18"]
[WhiteElo "1963"]
[BlackElo "2128"]
[Annotator "ChessBase"]
[PlyCount "41"]
[EventDate "2019.10.02"]
[EventType "swiss"]
[EventCountry "IND"]
[SourceTitle "playchess.com"]
[Source "ChessBase"]
[SourceQuality "1"]
[TimeControl "40/5400+30:1800+30"]

1. e4 c6 2. d4 d5 3. Nd2 dxe4 4. Nxe4 Bf5 5. Ng3 Bg6 6. h4 h6 7. Nh3 Nf6 8. Nf4 Bh7 9. Bc4 e6 10. O-O Bd6 11. Re1 O-O 12. c3 a5 13. a4 Re8 14. Ngh5 Nbd7 15. g3 Nxh5 16. Nxh5 Nf6 17. Bf4 Bxf4 18. Nxf4 Qb6 19. Qb3 Qb5 20. Qb4 Qxb4 21. Bb3 *

[Event "WYCC U18 Girls 2019"]
[Site "Mumbai"]
[Date "2019.10.07"]
[Round "7.13"]
[White "Urh, Zala"]
[Black "Sowa, Wiktoria"]
[Result "1-0"]
[ECO "D86"]
[WhiteElo "2105"]
[BlackElo "2016"]
[Annotator "ChessBase"]
[PlyCount "75"]
[EventDate "2019.10.02"]
[EventType "swiss"]
[EventCountry "IND"]
[SourceTitle "playchess.com"]
[Source "ChessBase"]
[SourceQuality "1"]
[TimeControl "40/5400+30:1800+30"]

1. d4 Nf6 2. c4 g6 3. Nc3 d5 4. cxd5 Nxd5 5. e4 Nxc3 6. bxc3 Bg7 7. Bc4 c5 8. Ne2 O-O 9. O-O Nc6 10. Be3 Bg4 11. f3 Bd7 12. Rb1 Rc8 13. dxc5 Qc7 14. Nd4 Ne5 15. Bb3 Rfd8 16. Qe2 Qa5 17. f4 Ng4 18. Bd2 Qxc5 19. e5 Nh6 20. e6 Bb5 21. exf7+ Kh8 22. Qe6 Bxf1 23. Rxf1 Nf5 24. Kh1 Nxd4 25. cxd4 Qxd4 26. Be3 Qd3 27. Re1 Bf6 28. Bxa7 Kg7 29. Bf2 Qd2 30. Qe3 Qb2 31. g4 Rc3 32. Qb6 Rd2 33. g5 Rxb3 34. gxf6+ exf6 35. Qc5 Kxf7 36. Re7+ Kf8 37. Rd7+ Kg8 38. Qc8# 1-0

[Event "WYCC U18 Girls 2019"]
[Site "Mumbai"]
[Date "2019.10.07"]
[Round "7.14"]
[White "Swiech, Joanna"]
[Black "Sanskriti Goyal"]
[Result "1/2-1/2"]
[ECO "A60"]
[WhiteElo "2054"]
[BlackElo "1980"]
[Annotator "NA"]
[PlyCount "75"]
[EventDate "2019.10.02"]
[EventType "swiss"]
[EventCountry "IND"]
[SourceTitle "playchess.com"]
[Source "ChessBase"]
[SourceQuality "1"]
[TimeControl "40/5400+30:1800+30"]

1. d4 Nf6 2. c4 c5 3. d5 e6 4. Nc3 exd5 5. cxd5 d6 6. Bf4 g6 7. h3 a6 8. a4 Bg7 9. e3 O-O 10. Nf3 Qe7 {A61: Modern Benoni: Nf3 without early e4} (10... Ne8 11. Be2 Nd7 12. O-O Rb8 13. a5 b5 14. axb6 Rxb6 15. Qc2 Qe7 16. Nd2 Ne5 17. Bh2 f5 18. Rfe1 {1-0 (36) Gledura,B (2622)-Perunovic,M (2604) Hungary 2019}) 11. Be2 Nfd7 12. Bg5 f6 13. Bh4 $146 ({Predecessor:} 13. Bf4 Ne5 14. Bxe5 fxe5 15. Nd2 Nd7 16. Bg4 Nf6 17. Bxc8 Rfxc8 18. a5 {1-0 (55) Dutra Neto,A (2429)-Degterev,P (2237) LSS email 2011}) 13... Ne5 14. Nd2 Nbd7 15. a5 g5 16. Bg3 f5 17. Bxe5 Nxe5 18. Na4 Bd7 19. Nb6 Rad8 $11 20. Qc2 Bb5 21. Ndc4 f4 22. O-O-O Nxc4 23. Nxc4 Bxc4 24. Bxc4 fxe3 25. Rhe1 Qc7 26. Rxe3 Qxa5 27. Kb1 Rf4 28. g3 Rf7 29. Rde1 Bd4 30. Re8+ Rxe8 31. Rxe8+ Kg7 32. f4 Qc7 33. Bd3 Re7 34. Rxe7+ Qxe7 35. Bxh7 Qe1+ 36. Ka2 Qa5+ 37. Kb1 Qe1+ 38. Ka2 1/2-1/2

[Event "WYCC U18 Girls 2019"]
[Site "Mumbai"]
[Date "2019.10.09"]
[Round "8.1"]
[White "Vantika Agrawal"]
[Black "Shuvalova, Polina"]
[Result "1/2-1/2"]
[ECO "D30"]
[WhiteElo "2283"]
[BlackElo "2412"]
[Annotator "ChessBase"]
[PlyCount "103"]
[EventDate "2019.10.02"]
[EventType "swiss"]
[EventCountry "IND"]
[SourceTitle "playchess.com"]
[Source "ChessBase"]
[SourceQuality "1"]
[TimeControl "40/5400+30:1800+30"]

1. d4 d5 2. c4 e6 3. Nf3 Nf6 4. g3 Bb4+ 5. Nbd2 dxc4 6. Bg2 b5 7. O-O a5 8. a3 Be7 9. b3 cxb3 10. Nxb3 O-O 11. Ne5 Nd5 12. Bb2 Bb7 13. Qc2 Nd7 14. Nc6 Bxc6 15. Qxc6 a4 16. Nd2 Rb8 17. e4 Rb6 18. Qc2 N5f6 19. Rfd1 Qb8 20. Nf3 c5 21. dxc5 Rc8 22. e5 Nd5 23. Qe2 Nxc5 24. Nd4 Bf8 25. Rac1 g6 26. h4 b4 27. axb4 Nxb4 28. Ba3 Nb3 29. Rxc8 Qxc8 30. h5 Nd5 31. Bxf8 Qxf8 32. Bxd5 exd5 33. hxg6 hxg6 34. e6 Nxd4 35. exf7+ Qxf7 36. Rxd4 a3 37. Ra4 Rb2 38. Ra8+ Kh7 39. Qe3 d4 40. Qxd4 Rb1+ 41. Kh2 Rh1+ 42. Kxh1 Qf3+ 43. Kh2 Qxa8 44. Qd7+ Kh8 45. Qh3+ Kg7 46. Qd7+ Kg8 47. Qe6+ Kg7 48. Qe7+ Kg8 49. Qe6+ Kg7 50. Qe7+ Kg8 51. Qe6+ Kg7 52. Qe7+ 1/2-1/2

[Event "WYCC U18 Girls 2019"]
[Site "Mumbai"]
[Date "2019.10.09"]
[Round "8.2"]
[White "Afonasieva, Anna"]
[Black "Schulze, Lara"]
[Result "1/2-1/2"]
[ECO "E15"]
[WhiteElo "2312"]
[BlackElo "2327"]
[Annotator "ChessBase"]
[PlyCount "148"]
[EventDate "2019.10.02"]
[EventType "swiss"]
[EventCountry "IND"]
[SourceTitle "playchess.com"]
[Source "ChessBase"]
[SourceQuality "1"]
[TimeControl "40/5400+30:1800+30"]

1. d4 Nf6 2. Nf3 e6 3. c4 b6 4. g3 Ba6 5. Qc2 c5 6. Bg2 Nc6 7. dxc5 bxc5 8. O-O Be7 9. Rd1 O-O 10. Nc3 Rc8 11. b3 d5 12. cxd5 exd5 13. Bh3 Rb8 14. Bf4 Rb4 15. Ne5 Nd4 16. Qb2 Bd6 17. Nd3 Bxd3 18. Bxd6 Qxd6 19. Rxd3 Qe5 20. Bg2 c4 21. Rd2 cxb3 22. e3 Nc2 23. Rc1 Rc4 24. axb3 Qxc3 25. Rcxc2 Qxb2 26. Rxb2 Rc1+ 27. Bf1 h5 28. Kg2 a5 29. Be2 Rb8 30. Rd4 Ra1 31. Bf3 Rb5 32. Rc2 Rxb3 33. Rc8+ Kh7 34. Bxd5 Nxd5 35. Rxd5 Rb2 36. Rxh5+ Kg6 37. Rcc5 a4 38. Rhg5+ Kh6 39. Rg4 a3 40. Ra5 Raa2 41. Rf4 f6 42. h4 Re2 43. Rf3 Ra1 44. Rf4 Raa2 45. Kf1 Rec2 46. g4 Rc1+ 47. Kg2 Re1 48. g5+ fxg5 49. hxg5+ Kg6 50. e4 Rae2 51. Ra6+ Kh5 52. Rxa3 Rxe4 53. Kf3 Re5 54. Rf8 Kxg5 55. Kg2 Kg6 56. f4 R5e2+ 57. Kf3 Rh2 58. Ra6+ Kh7 59. Raa8 Rb2 60. f5 Rf1+ 61. Ke3 Re1+ 62. Kd4 Kh6 63. Ra6+ Kh7 64. Rf7 Rd2+ 65. Kc3 Red1 66. Rg6 Rd3+ 67. Kc4 Rd4+ 68. Kc5 Rd5+ 69. Kc6 Rxf5 70. Rfxg7+ Kh8 71. Rg8+ Kh7 72. R6g7+ Kh6 73. Rg2 Kh7 74. R8g3 Rh5 1/2-1/2

[Event "WYCC U18 Girls 2019"]
[Site "Mumbai"]
[Date "2019.10.09"]
[Round "8.3"]
[White "Yan, Tianqi"]
[Black "Sliwicka, Alicja"]
[Result "1-0"]
[ECO "C86"]
[WhiteElo "2236"]
[BlackElo "2307"]
[Annotator "ChessBase"]
[PlyCount "89"]
[EventDate "2019.10.02"]
[EventType "swiss"]
[EventCountry "IND"]
[SourceTitle "playchess.com"]
[Source "ChessBase"]
[SourceQuality "1"]
[TimeControl "40/5400+30:1800+30"]

1. e4 e5 2. Nf3 Nc6 3. Bb5 a6 4. Ba4 Nf6 5. O-O Be7 6. Qe2 b5 7. Bb3 d6 8. c3 O-O 9. Rd1 Na5 10. Bc2 c5 11. d4 Qc7 12. d5 c4 13. b4 cxb3 14. axb3 Bg4 15. h3 Bh5 16. Bb2 Nd7 17. Ra2 Nb7 18. b4 Nb6 19. Nbd2 Nc4 20. Nxc4 bxc4 21. g4 Bg6 22. Ba4 a5 23. Bc6 axb4 24. Rxa8 Rxa8 25. cxb4 Ra2 26. Ra1 Rxa1+ 27. Bxa1 Nd8 28. Qxc4 Nxc6 29. dxc6 Bd8 30. Qd5 Kf8 31. b5 f6 32. Bc3 Bf7 33. Qd3 Qb8 34. Nd2 Bb6 35. Bb4 Ke7 36. Nc4 Bxc4 37. Qxc4 Bc7 38. Bd2 Bb6 39. Be3 Bxe3 40. c7 Qc8 41. fxe3 h5 42. b6 Kd7 43. Qb5+ Ke7 44. Qc6 hxg4 45. b7 1-0